AoeStats
← AlphaPrey

Arabia

508918019Analyzed
1v1 RM · 8d ago on Sep 24, 2026· 23m 47s· 2 players
Game mode
Random Map
Map size
Tiny (2 player)
Population
200
Speed
Normal
Resources
Standard
Victory
Conquest
Starting age
Dark Age
Ending age
Imperial Age
RankedLock teamsTeams togetherTeam positionsShared explorationLock speedFull tech treeHidden civsTurbo modeCheats
Victory
Defeat
🇳🇱 Teutons · Netherlands
640
+17
🇨🇳 Ethiopians · China
651
-24
AlphaPrey
7:43 Loom
9:52 Feudal Age
11:23 Double-Bit Axe
11:47 Horse Collar
20:29 Castle Age
20:43 Gold Mining
23:17 Scale Mail Armor
23:57 Bloodlines
Kobe-Bryant
2:58 Loom
15:09 Feudal Age
15:40 Double-Bit Axe
16:54 Town Watch
24:10 Castle Age
Connection lost

Rejoining the realm…

Still unreachable

The connection could not be restored.

Session expired

The server has moved on; the page needs a fresh start.